Map: Lost and Found LE

Players

LiquidTLO (TLO) - Winner!

  • Race: Zerg Zerg
  • Spawn Location: 1:00

Snoxtar

  • Race: Zerg Zerg
  • Spawn Location: 7:00

Event: WCS Valencia 2018

VOD

Have the link to the VOD?

Description

Time

  • Played on: July 12, 2018, 6:24 a.m.
  • Length: 6:27

All games in this series

Show
View Real Time Build Order
Export as new Build Order

LiquidTLO Zerg - Winner!

Build Orders: Hatch First, Zergling Baneling 

Get SALT Encoding   

  12  0:00  Drone  
  13  0:08  Drone  
  14  0:17  Overlord  
  14  0:35  Drone  
  14  0:36  Drone  
  16  0:49  Hatchery  
  15  0:51  Drone  
  15  0:55  Drone  
  17  0:59  Drone  
  18  1:05  Extractor  
  17  1:16  Spawning Pool  
  17  1:17  Drone  
  17  1:21  Drone  
  18  1:30  Drone  
  19  1:40  Drone  
  20  1:50  Overlord  
  20  2:03  Queen x2  
  20  2:05  Metabolic Boost  
  20  2:07  Zergling x2  
  20  2:08  Zergling x2  
  26  2:14  Drone x2  
  28  2:22  Drone  
  29  2:23  Drone  
  30  2:38  Hatchery  
  30  2:43  Queen  
  31  2:46  Drone  
  32  2:52  Overlord  
  32  2:53  Drone  
  33  2:59  Drone  
  33  3:00  Baneling Nest  
  33  3:04  Zergling x4  
  35  3:06  Zergling x2  
  35  3:11  Zergling x4  
  38  3:15  Zergling x2  
  38  3:17  Zergling x2  
  40  3:21  Zergling x2  
  41  3:27  Overlord  
  41  3:29  Zergling x2  
  41  3:30  Zergling x2  
  43  3:36  Overlord, Drone  
  44  3:42  Overlord  
  44  3:43  Overlord  
  44  3:46  Baneling  
  44  3:47  Baneling  
  44  3:49  Baneling  
  44  3:52  Drone x2  
  41  3:57  Drone  
  41  3:58  Zergling x2  
  41  4:00  Zergling x2  
  43  4:12  Drone  
  43  4:13  Zergling x6  
  43  4:14  Zergling x2  
  43  4:15  Zergling x2  
  43  4:16  Zergling x2  
  47  4:21  Zergling x2  
  47  4:23  Baneling x2  
  45  4:25  Zergling x2  
  45  4:27  Baneling x2  
  45  4:28  Drone  
  45  4:30  Drone  
  47  4:32  Baneling  
  47  4:33  Baneling  
  47  4:35  Drone  
  47  4:36  Drone  
  48  4:45  Baneling x2  
  48  4:46  Zergling x2  
  48  4:51  Zergling x4  
  50  4:53  Zergling x2  
  50  4:54  Zergling x2  
  50  4:55  Zergling x2  
  50  4:56  Zergling x2  
  50  4:57  Zergling x4  
  54  5:03  Zergling x2  
  54  5:04  Zergling x4  
  53  5:08  Zergling x2  
  53  5:09  Zergling x2  
  53  5:10  Zergling x2  
  53  5:11  Zergling x2  
  54  5:14  Zergling x2  
  54  5:16  Zergling x2, Baneling  
  54  5:18  Zergling x2  
  54  5:19  Zergling x2  
  56  5:25  Zergling x4  
  56  5:27  Zergling x2  
  57  5:29  Zergling x2  
  57  5:31  Baneling  
  57  5:32  Baneling x2  
  57  5:34  Drone  
  56  5:36  Baneling  
  56  5:38  Zergling x2  
  56  5:40  Zergling x2  
  56  5:45  Zergling x2  
  56  5:49  Zergling x2, Baneling  
  58  5:52  Zergling x2  
  58  5:53  Drone  
  58  5:58  Zergling x4  
  58  5:59  Zergling x2  
  58  6:00  Zergling x4  
  60  6:04  Zergling x2  
  60  6:07  Baneling  
  60  6:08  Baneling  
  58  6:11  Extractor  
Show
View Real Time Build Order
Export as new Build Order

Snoxtar Zerg 

Build Orders: Hatch First 

Get SALT Encoding   

  12  0:00  Drone  
  13  0:12  Overlord  
  13  0:17  Drone  
  14  0:30  Drone x2  
  14  0:35  Drone  
  17  0:51  Hatchery  
  17  0:54  Drone  
  17  0:57  Drone  
  18  1:07  Extractor  
  17  1:12  Spawning Pool  
  17  1:16  Drone  
  17  1:18  Drone  
  18  1:28  Drone  
  19  1:38  Overlord  
  19  1:52  Drone  
  20  1:59  Queen  
  20  2:00  Drone  
  23  2:03  Zergling x2, Queen  
  23  2:07  Metabolic Boost  
  26  2:11  Drone  
  27  2:20  Drone  
  28  2:23  Drone  
  28  2:25  Drone  
  30  2:30  Evolution Chamber  
  30  2:33  Zergling x2  
  30  2:41  Zergling x2  
  31  2:44  Hatchery  
  31  2:48  Drone  
  31  2:51  Drone  
  31  3:04  Zergling x4, Zerg Ground Armor Level 1  
  31  3:05  Zergling x2  
  34  3:09  Overlord  
  34  3:13  Drone  
  34  3:14  Drone  
  36  3:22  Baneling Nest  
  36  3:23  Zergling x2  
  36  3:28  Zergling x6  
  36  3:31  Zergling x2  
  40  3:34  Zergling x2  
  40  3:39  Overlord  
  40  3:41  Zergling x2  
  42  3:45  Zergling x2  
  42  3:46  Zergling x2  
  44  3:54  Zergling x4  
  40  3:56  Zergling x2  
  40  3:58  Queen  
  40  4:00  Zergling x2  
  40  4:01  Zergling x2  
  45  4:05  Baneling  
  45  4:06  Baneling x3  
  44  4:11  Zergling x4  
  44  4:14  Zergling x2  
  44  4:16  Zergling x2  
  43  4:23  Zergling x2  
  44  4:26  Zergling x8  
  44  4:29  Zergling x2  
  48  4:36  Zergling x4  
  50  4:45  Baneling x2  
  50  4:46  Baneling  
  50  4:49  Zergling x2  
  50  4:50  Zergling x2  
  50  4:51  Overlord  
  50  4:52  Zergling x2  
  52  4:59  Zergling x2  
  43  5:08  Zergling x4  
  43  5:09  Zergling x14  
  44  5:16  Zergling x2  
  44  5:17  Zergling x2  
  44  5:19  Zergling x2  
  40  5:28  Zergling x2  
  40  5:34  Baneling x2  
  40  5:35  Baneling  
  40  5:36  Baneling x2  
  40  5:38  Zergling x8  
  44  5:43  Queen  
  44  5:46  Zergling x2  
  46  5:52  Zergling x4  
  46  5:56  Zergling x2  
  48  5:57  Baneling  
  48  6:01  Zergling x2  
  45  6:07  Zergling x8  
Tags
 
Add a new tag
Caveats
  • Supply blocks, unpowered buildings, or Contaminate may cause inaccurate times.
  • Supply counts are checked every 10 seconds.